 Dungeon Crawl Stone Soup version 0.24.0-13-gcf9b319 (webtiles) character file.

Game seed: 805044663340690091, levelgen mode: deterministic

2764 Fang the Skirmisher (level 9, -3/59 HPs)
             Began as a Gargoyle Berserker on Nov 12, 2019.
             Was a High Priest of Trog.
             Killed by divine providence
             ... invoked by an orc priest
              (17 damage)
             ... on level 9 of the Dungeon.
             The game lasted 00:07:35 (7494 turns).

Fang the Skirmisher (Gargoyle Berserker)            Turns: 7494, Time: 00:07:36

Health: -3/59      AC: 19    Str: 24    XL:     9   Next: 69%
Magic:  9/9        EV:  9    Int:  8    God:    Trog [*****.]
Gold:   405        SH:  0    Dex:  9    Spells: 8/8 levels left

rFire    . . .     SeeInvis .   a - +1 war axe (pain)
rCold    . . .     Gourm    .   (no shield)
rNeg     + . .     Faith    .   b - +0 plate armour
rPois    ∞         Spirit   .   (no helmet)
rElec    +         Reflect  .   (no cloak)
rCorr    .         Harm     .   (no gloves)
MR       ++...                  (no boots)
Stlth    ..........             (no amulet)
HPRegen  1.19/turn              w - ring of flight
MPRegen  0.11/turn              (no ring)

@: regenerating
A: negative energy resistance 1, electricity resistance, unbreathing,
petrification resistance, rot immunity, AC +6
a: Berserk, Trog's Hand, Brothers in Arms, Renounce Religion, Evoke Flight


You were on level 9 of the Dungeon.
You worshipped Trog.
Trog was extremely pleased with you.
You were not hungry.

You visited 1 branch of the dungeon, and saw 9 of its levels.

You collected 405 gold pieces.

Inventory:

Hand Weapons
 a - a +1 war axe of pain (weapon)
Armour
 b - a +0 plate armour (worn)
Jewellery
 w - a ring of flight (left hand)
 z - a cursed -3 ring of evasion {unknown}
Wands
 p - a wand of disintegration (6)
 y - a wand of polymorph (11)
 E - a wand of random effects (5)
Scrolls
 d - 2 scrolls of teleportation {unknown}
 f - 2 scrolls of fear {unknown}
 g - 7 scrolls of identify {unknown}
 h - 2 scrolls of enchant armour {unknown}
 i - 2 scrolls of blinking {unknown}
 k - 5 scrolls of remove curse {unknown}
 l - 3 scrolls of amnesia {unknown}
 o - 3 scrolls of random uselessness {unknown}
 r - 4 scrolls of enchant weapon {unknown}
 v - 5 scrolls of fog {unknown}
 x - a scroll of vulnerability {unknown}
 A - 2 scrolls of magic mapping {unknown}
Potions
 e - a potion of lignification {unknown}
 j - 2 potions of flight {unknown}
 m - 3 potions of mutation {unknown}
 n - 2 potions of invisibility {unknown}
 q - 3 potions of agility
 s - 2 potions of heal wounds {unknown}
 t - a potion of haste {unknown}
 u - 2 potions of brilliance {unknown}
 B - a potion of resistance {unknown}
 C - a potion of berserk rage {unknown}
 D - a potion of cancellation {unknown}
Comestibles
 c - 13 rations
 F - 27 chunks of flesh


   Skills:
 + Level 7.8 Fighting
 + Level 6.5 Axes
 + Level 7.4 Armour
 + Level 5.6 Dodging


You had 8 spell levels left.
You didn't know any spells.
Your spell library was empty.

Dungeon Overview and Level Annotations

Branches:
Dungeon (9/15)             Temple (0/1) D:7
   Lair: D:8-11         Orc: D:9-12

Altars:
Cheibriados
Dithmenos
Elyvilon
Gozag
Kikubaaqudgha
Nemelex Xobeh
Qazlal
Ru
Uskayaw
Beogh


Innate Abilities, Weirdness & Mutations

You are resistant to torment.
Your stone body is resilient. (AC +6)
You are immune to poison.
You resist negative energy. (rN+)
You are resistant to electric shocks. (rElec)
You can survive without breathing.
You are immune to petrification.
You are immune to rotting.


Message History

You are too injured to fight recklessly!
You are too injured to fight recklessly!
You are too injured to fight recklessly!
You are too injured to fight recklessly!
You are too injured to fight recklessly!
You are too injured to fight recklessly!
You are too injured to fight recklessly!
You are too injured to fight recklessly!
You are too injured to fight recklessly!
You are too injured to fight recklessly!
You are too injured to fight recklessly!
You are too injured to fight recklessly!
Your skin crawls.
You feel resistant to hostile enchantments.
You feel somewhat more hungry. The yak closely misses you. The yak gores you.
* * * LOW HITPOINT WARNING * * *
The yak gores you but does no damage.
The orc priest mumbles some strange prayers to Beogh against you.
Beogh smites you!
You die...

#.# #.#
####.####
#......(#
#.......#
#.......#
#....<..#
...###oY..(..#
..ooYoY@.....#
...o##Y))....#
. #.....####
...##.## #...
..# ##..####
#. #.


You could see 4 yaks, an orc priest, an orc wizard and 3 orcs.

Vanquished Creatures
  A wyvern (D:7)
  2 yaks (D:9)
  Menkaure (D:6)
  Duvessa (D:6)
  A water moccasin (D:8)
  3 orc warriors
  A big kobold (D:9)
  3 bullfrogs
  Dowan (D:6)
  2 scorpions
  3 killer bees (D:8)
  A howler monkey (D:7)
  2 crimson imps (D:6)
  A jelly (D:8)
  A bullfrog skeleton (D:6)
  6 orc priests
  2 hounds
  6 orc wizards
  A centaur skeleton (D:4)
  Jessica (D:2)
  An iguana (D:5)
  Terence (D:2)
  5 worker ants
  3 hound skeletons
  14 adders
  6 gnolls
  An adder zombie (D:8)
  6 worms
  A leopard gecko (D:1)
  38 orcs
  8 bats
  4 giant cockroaches
  6 goblins
  11 hobgoblins
  7 jackals (D:2)
  9 quokkas
  3 ball pythons
  4 frilled lizards
  15 kobolds
  A quokka skeleton (D:7)
  5 rats
189 creatures vanquished.

Notes
Turn   | Place    | Note
-------+----------+-------------------------------------------
     0 | D:1      | Fang the Gargoyle Berserker began the quest for the Orb.
     0 | D:1      | Reached XP level 1. HP: 14/14 MP: 1/1
    79 | D:1      | Reached XP level 2. HP: 19/19 MP: 2/2
   534 | D:1      | Reached ** piety under Trog
   623 | D:1      | Reached XP level 3. HP: 23/23 MP: 3/3
   827 | D:2      | Found a shadowy altar of Dithmenos.
   827 | D:2      | Noticed Jessica
   833 | D:2      | Killed Jessica
   846 | D:2      | Reached XP level 4. HP: 19/29 MP: 4/4
  1357 | D:2      | Found a stormy altar of Qazlal.
  1363 | D:2      | Found a white marble altar of Elyvilon.
  1363 | D:2      | Found a snail-covered altar of Cheibriados.
  1522 | D:2      | Found an opulent altar of Gozag.
  1862 | D:2      | Noticed Terence
  1872 | D:2      | Killed Terence
  1872 | D:2      | Reached XP level 5. HP: 16/33 MP: 5/5
  2214 | D:3      | Reached *** piety under Trog
  2217 | D:3      | Reached XP level 6. HP: 17/39 MP: 6/6
  2600 | D:3      | Found a faded altar of an unknown god.
  3413 | D:4      | Reached skill level 5 in Fighting
  3532 | D:4      | Reached XP level 7. HP: 42/44 MP: 7/7
  3961 | D:5      | Entered Level 5 of the Dungeon
  4070 | D:5      | Found a hide-covered altar of Uskayaw.
  4401 | D:6      | Noticed Menkaure
  4406 | D:6      | Killed Menkaure
  4551 | D:6      | Noticed Duvessa
  4551 | D:6      | Noticed Dowan
  4554 | D:6      | Reached skill level 5 in Armour
  4565 | D:6      | Killed Duvessa
  4565 | D:6      | Reached XP level 8. HP: 26/51 MP: 8/8
  4570 | D:6      | Killed Dowan
  4570 | D:6      | Reached **** piety under Trog
  4778 | D:6      | Reached skill level 5 in Axes
  5419 | D:7      | Noticed a wyvern
  5425 | D:7      | Killed a wyvern
  5679 | D:7      | Found a staircase to the Ecumenical Temple.
  6168 | D:7      | Reached XP level 9. HP: 42/56 MP: 9/9
  6366 | D:7      | Found a sacrificial altar of Ru.
  6582 | D:8      | Reached skill level 5 in Dodging
  6601 | D:8      | Found an ancient bone altar of Kikubaaqudgha.
  6981 | D:8      | Found a sparkling altar of Nemelex Xobeh.
  7299 | D:8      | Found a roughly hewn altar of Beogh.
  7476 | D:9      | Reached ***** piety under Trog
  7494 | D:9      | Killed from afar by an orc priest

Levels and vault maps discovered:
D:1:      mrwooster_arrival_arrow, layout_loops_cross
D:2:      layout_loops_ring, nicolae_dithmenos_shadow_blocks,
          chequers_temple_overflow_statue_of_worship, uniq_terence, uniq_jessica
D:3:      layout_basic, chequers_ecumenical_altar_simple, serial_bayou_crossing
D:4:      layout_basic, first_ration, minmay_curled_crystal
D:5:      layout_cave_pools, kennysheep_little_box
D:6:      layout_loops_corners, minmay_misc_feat_roman,
          kennysheep_generic_room_10, uniq_duvessa, uniq_menkaure
D:7:      minmay_octagon_keep, layout_loops_ring, kennysheep_mini,
          minmay_temple_entry_tees, chequers_serial_rivers_micro_b
D:8:      layout_basic, kiku_gazebo_garden_becter, special_room
          [special_room_orc], basic_altar
D:9:      layout_loops_cross, lair_entry_dummy,
          ploomutoo_gammafunk_ghost_potion_laboratory

Skill      XL: |  1  2  3  4  5  6  7  8  9 |
---------------+----------------------------+-----
Axes           | 3 4 5 6 |  6.5
Dodging        | 2 3 4 5 |  5.6
Armour         | 3 4 5 6 7 |  7.4
Fighting       | 4 5 6 7 |  7.8

Action                   |  1- 3 |  4- 6 |  7- 9 || total
-------------------------+-------+-------+-------++-------
Melee: Hand axe          |   114 |    42 |       ||   156
       War axe           |       |   210 |   286 ||   496
Invok: Berserk           |       |     1 |     7 ||     8
       Trog's Hand       |       |       |     3 ||     3
  Eat: Chunk             |       |    10 |    20 ||    30
Armor: Animal skin       |    42 |    35 |       ||    77
       Chain mail        |       |   118 |   122 ||   240
       Plate armour      |       |       |   149 ||   149
Dodge: Dodged            |   101 |   141 |   200 ||   442
